 Dungeon Crawl Stone Soup version 0.31-a0-233-g139696dc86 (webtiles) character file.

Game seed: 1922778445194189394

74 qw the Shooter (level 4, -1/26 HPs)
             Began as a Gargoyle Hexslinger on July 8, 2023.
             Slain by an orc wizard
             ... wielding a +0 dagger
              (3 damage)
             ... on level 3 of the Dungeon.
             The game lasted 00:00:34 (1437 turns).

qw the Shooter (Gargoyle Hexslinger)                Turns: 1437, Time: 00:00:35

Health: -1/26      AC:  8    Str: 12    XL:     4   Next: 28%
Magic:  5/5        EV: 10    Int: 13    God:
Gold:   108        SH:  0    Dex: 14    Spells: 4/5 levels left

rFire   . . .        Y - +1 sling
rCold   . . .        (no shield)
rNeg    + . .        a - +0 ring mail
rPois   inf          (no helmet)
rElec   +            (no cloak)
rCorr   .            (no gloves)
SInv    .            (no boots)
Will    .....        (no amulet)
Stlth   +            (no ring)
HPRegen 0.24/turn    (no ring)
MPRegen 0.09/turn

%: no passive effects
@: no status effects
A: sickness immunity, AC +3, negative energy resistance 1, electricity
resistance, torment resistance 1, petrification resistance
a: no special abilities


You were on level 3 of the Dungeon.
You visited 1 branch of the dungeon, and saw 3 of its levels.

You collected 138 gold pieces.
You spent 30 gold pieces at shops.


Innate Abilities, Weirdness & Mutations

You are immune to sickness and miasma.
Your stone body is resilient. (AC +3)
You are immune to poison.
You resist negative energy. (rN+)
You are resistant to electric shocks. (rElec)
You are resistant to unholy torment.
You are immune to petrification.


   Skills:
 - Level 2.0 Fighting
 - Level 4.0 Ranged Weapons
 + Level 0.8 Armour
 - Level 1.5 Dodging
 - Level 1.0 Spellcasting
 - Level 2.6 Hexes


You had 4 spell levels left.
You knew the following spells:

 Your Spells              Type           Power      Damage    Failure   Level
a - Slow                  Hex            28%        N/A       22%         1

Your spell library contained the following spells:

 Spells                   Type           Power      Damage    Failure   Level
 Inner Flame              Hex/Fire       4%         N/A       73%         3
 Portal Projectile        Hex/Tloc       8%         N/A       73%         3
 Cause Fear               Hex            3%         N/A       91%         4

Inventory:

Hand Weapons
 Y - a +1 sling (weapon)
Armour
 a - a +0 ring mail (worn)
Potions
 b - a potion of heal wounds {unknown}
 f - 3 potions of curing

Dungeon Overview and Level Annotations

Branches:
Dungeon (3/15)

Altars:
Cheibriados

Shops:
D:1 !


Message History

The sling bullet hits the endoplasm.
The endoplasm is almost dead.
The orc barely misses you.
You shoot a sling bullet. The sling bullet hits the orc.
The orc is heavily wounded.
The orc hits you but does no damage.
An orc wizard comes into view. It is wielding a +0 dagger.
The orc hits you but does no damage.
You shoot a sling bullet. The sling bullet hits the orc.
You kill the orc!
You shoot a sling bullet.
The sling bullet barely misses the endoplasm.
The orc wizard gestures at you while chanting.
You resist with some effort. The endoplasm freezes you.
You are frozen.
You shoot a sling bullet.
The sling bullet barely misses the endoplasm.
The endoplasm freezes you.
You are frozen.
The orc wizard casts a spell.
The orc wizard flickers and vanishes!
Deactivating autopickup; reactivate with Ctrl-A.
The endoplasm freezes you.
You are frozen.
You hear an angry hiss.
You shoot a sling bullet. The sling bullet hits the endoplasm.
You kill the endoplasm!
You shoot a sling bullet. Something hits you but does no damage.
An adder comes into view.
1436 ||| FLEEEEING.
You hear some strange, mumbled words.
A magic dart appears from out of thin air!
The magic dart hits you!
Items here: %% )) [.
Enter note:
Enter note:
1437 ||| FLEEEEING.
Something hits you.
You die...

####### #... ##......
##... #'...... .<..
##'...... ... #........
.. #...)#### ### #.
#........
.....#.#########...####.
.....).@...............>
.....#.#{.............#.
.#. #.##.#########.#...
#.#..........<.....
..##..S#######.###. ..
...... .....#. ...
............#.#.
...##...#########.#.
..... #.


You could see an adder.

Vanquished Creatures
  2 adders (D:2)
  4 dart slugs
  4 orcs (D:3)
  4 bats (D:1)
  5 endoplasms
  A giant cockroach (D:1)
  2 jackals (D:3)
  7 kobolds
  A quokka (D:2)
  2 ball pythons (D:2)
  A frilled lizard (D:2)
  4 goblins
  6 rats
43 creatures vanquished.

Notes
Turn   | Place    | Note
-------+----------+-------------------------------------------
     0 | D:1      | qw the Gargoyle Hexslinger began the quest for the Orb.
     0 | D:1      | Reached XP level 1. HP: 12/12 MP: 2/2
     0 | D:1      | 0 ||| qw: Version: 0.3-a-46-gb1f654a
     0 | D:1      | 0 ||| qw: Game counter: 3490
     0 | D:1      | 0 ||| qw: Melee chars always use a shield: true
     0 | D:1      | 0 ||| qw: God list: Okawaru
     0 | D:1      | 0 ||| qw: Allow faded altars: false
     0 | D:1      | 0 ||| qw: Do Orc after clearing Dungeon:15 true
     0 | D:1      | 0 ||| qw: Do second Lair branch before Depths: true
     0 | D:1      | 0 ||| qw: Lair rune preference: random
     0 | D:1      | 0 ||| qw: Goals: Normal
     0 | D:1      | 0 ||| PLANNING D:1-11
   104 | D:1      | 104 ||| FLEEEEING.
   106 | D:1      | 106 ||| FLEEEEING.
   147 | D:1      | Reached XP level 2. HP: 16/16 MP: 3/3
   230 | D:1      | Reached skill level 3 in Ranged Weapons
   488 | D:1      | Reached XP level 3. HP: 21/21 MP: 4/4
   525 | D:1      | Found Fumuzex's Distillery.
   536 | D:1      | 536 ||| BUYING potion of curing (30 gold).
   536 | D:1      | Bought a potion of curing for 30 gold pieces
   536 | D:1      | 536 ||| SHOPLISTING potion of curing (30 gold, have 16).
   536 | D:1      | 536 ||| SHOPLISTING potion of enlightenment (50 gold, have
                  | 16).
   608 | D:1      | 608 ||| READING scroll labelled MAEPATAYGY.
   609 | D:1      | 609 ||| READING scroll labelled RETHRA DIVVUZXI.
   613 | D:1      | 613 ||| DROPPING scroll of poison.
   754 | D:2      | Found a snail-covered altar of Cheibriados.
  1278 | D:2      | Reached XP level 4. HP: 22/26 MP: 5/5
  1293 | D:2      | 1293 ||| UPGRADING to +0 ring mail.
  1303 | D:2      | 1303 ||| DROPPING +0 robe.
  1359 | D:3      | Reached skill level 4 in Ranged Weapons
  1436 | D:3      | 1436 ||| FLEEEEING.
  1436 | D:3      | HP: 2/26 [something/magic dart (7)]
  1437 | D:3      | 1437 ||| FLEEEEING.
  1437 | D:3      | Slain by an orc wizard

Levels and vault maps discovered:
D:1:      dpeg_arrival_round_a, layout_loops_ring, serial_shops, shop
D:2:      layout_basic, basic_altar
D:3:      layout_basic, interstate_on_off, uniq_natasha, uniq_terence

Skill      XL: |  1  2  3  4 |
---------------+-------------+-----
Ranged Weapons | 3 4 |  4.0
Fighting       | 2 |  2.0
Armour         | |  0.8
Dodging        | |  1.5
Spellcasting   | |  1.0
Hexes          | |  2.6

Action                     |  1- 3 |  4- 6 || total
---------------------------+-------+-------++-------
   Fire: Sling             |   108 |    36 ||   144
    Use: Scroll            |     2 |       ||     2
 Armour: Robe              |    17 |       ||    17
         Ring mail         |       |    18 ||    18
  Dodge: Dodged            |    27 |    12 ||    39

Table legend:
 A = Non-vault XP
 B = Vault XP
 C = Vault XP percentage of total XP
 D = Non-vault monster count
 E = Vault monster count
 F = Vault count percentage of total count
                 A         B        C        D         E       F
            +---------+---------+-------+---------+---------+-------
      Total |     106 |       0 |   0.0 |      43 |       0 |   0.0
            +---------+---------+-------+---------+---------+-------
        D:1 |      36 |       0 |   0.0 |      21 |       0 |   0.0
        D:2 |      48 |       0 |   0.0 |      14 |       0 |   0.0
        D:3 |      22 |       0 |   0.0 |       8 |       0 |   0.0
            +---------+---------+-------+---------+---------+-------
